 Dungeon Crawl Stone Soup version 0.21.1-1-g345015fe64 (webtiles) character file.

109 Ivernyr the Charmwright (level 5, 0/39 HPs)
             Began as a Human Skald on May 2, 2018.
             Killed by nerve-wracking pain
             ... invoked by an orc priest
              (9 damage)
             ... on level 3 of the Dungeon.
             The game lasted 00:07:09 (3438 turns).

Ivernyr the Charmwright (Human Skald)               Turns: 3438, Time: 00:07:10

Health: 0/39       AC:  3    Str: 11    XL:     5   Next: 13%
Magic:  8/8        EV: 12    Int: 14    God:
Gold:   91         SH:  0    Dex: 13    Spells: 3/8 levels left

rFire    . . .     SeeInvis .   a - +0 falchion
rCold    . . .     Gourm    .   (no shield)
rNeg     . . .     Faith    .   b - +0 leather armour
rPois    .         Spirit   .   (no helmet)
rElec    .         Reflect  .   (no cloak)
rCorr    .         Harm     .   (no gloves)
MR       .....                  (no boots)
Stlth    +.........             q - amulet of magic regeneration
HPRegen  0.13/turn              j - ring of wizardry
MPRegen  0.36/turn              (no ring)

@: shrouded (expiring)
A: no striking features
a: no special abilities


You were on level 3 of the Dungeon.
You were hungry.

You visited 1 branch of the dungeon, and saw 3 of its levels.

You collected 91 gold pieces.

Inventory:

Hand Weapons
 a - a +0 falchion (weapon)
Armour
 b - a +0 leather armour (worn)
Jewellery
 j - a ring of wizardry (left hand)
 q - an amulet of magic regeneration (around neck)
Scrolls
 e - 2 scrolls of enchant armour {unknown}
 g - 3 scrolls of fear {unknown}
 h - 3 scrolls of identify {unknown}
 k - a scroll of random uselessness {unknown}
 l - 3 scrolls of remove curse {unknown}
 n - a scroll of immolation {unknown}
 o - a scroll of amnesia {unknown}
 s - a scroll of fog {unknown}
 t - a scroll of teleportation {unknown}
Potions
 f - a potion of lignification {unknown}
 i - 2 potions of heal wounds {unknown}
 m - 2 potions of curing {unknown}
 p - 2 potions of flight {unknown}
 r - a potion of agility {unknown}
Books
 c - a book of Battle

   Spells                             Type                      Level
   a - Infusion                       Charms                       1
   b - Shroud of Golubria             Charms/Translocation         2
   c - Song of Slaying                Charms                       2
   d - Spectral Weapon                Hexes/Charms                 3
   e - Regeneration                   Charms/Necromancy            3
Comestibles
 d - 3 rations


   Skills:
 + Level 2.7 Fighting
 + Level 2.7 Long Blades
 * Level 2.9 Armour
 - Level 2.0 Dodging
 - Level 2.0 Spellcasting
 + Level 3.5 Charms


You had 3 spell levels left.
You knew the following spells:

 Your Spells              Type           Power        Failure   Level  Hunger
a - Shroud of Golubria    Chrm/Tloc      #.........   9%          2    ###....
b - Song of Slaying       Chrm           ##......     4%          2    ###....
c - Infusion              Chrm           ##..         2%          1    ##.....


Dungeon Overview and Level Annotations

Branches:
Dungeon (3/15)

Altars:
Cheibriados


Message History

You closely miss the orc.
The orc is heavily wounded.
Your shroud bends the orc's attack away.
The orc hits you but does no damage.
You hit the orc.
You kill the orc!
Your shroud begins to fray at the edges.
You are feeling hungry.
The orc priest invokes the aid of Beogh against you.
Beogh smites you!
* * * LOW HITPOINT WARNING * * *
The orc priest barely misses you.
You riposte.
You hit the orc priest but do no damage.
The orc priest is moderately wounded.
You see here a ration.
You hit the orc priest.
The orc priest is moderately wounded.
The orc priest invokes the aid of Beogh against you.
Pain shoots through your body!
You die...

###
#..
#.#
#.#
.o.
#o#
#o#
#@###
#.#..
#.#.#
#.#.#
#.#.#
#.#.#
#...#
###.#
#.#


You could see an orc priest and 2 orcs.

Vanquished Creatures
  4 adders
  4 worms
  A leopard gecko (D:2)
  An orc (D:3)
  4 giant cockroaches
  5 goblins
  8 hobgoblins
  5 jackals (D:1)
  6 kobolds
  A quokka (D:2)
  9 bats
  4 frilled lizards
  9 rats
61 creatures vanquished.

Notes
Turn   | Place    | Note
-------+----------+-------------------------------------------
     0 | D:1      | Ivernyr the Human Skald began the quest for the Orb.
     0 | D:1      | Reached XP level 1. HP: 16/16 MP: 3/3
   212 | D:1      | Reached XP level 2. HP: 12/22 MP: 5/5
   468 | D:1      | Learned a level 2 spell: Song of Slaying
   471 | D:1      | Learned a level 2 spell: Shroud of Golubria
   669 | D:1      | Reached XP level 3. HP: 25/27 MP: 6/6
  1284 | D:2      | Found a snail-covered altar of Cheibriados.
  2070 | D:2      | Reached XP level 4. HP: 34/34 MP: 7/7
  2957 | D:3      | Reached XP level 5. HP: 36/39 MP: 8/8
  3438 | D:3      | Killed from afar by an orc priest

Skill      XL: |  1  2  3 |
---------------+----------+-----
Armour         | 2 |  2.9
Fighting       | |  2.7
Long Blades    | |  2.7
Dodging        | |  2.0
Spellcasting   | |  2.0
Charms         | |  3.5

Action                   |  1- 3 |  4- 6 || total
-------------------------+-------+-------++-------
Melee: Falchion          |   128 |    85 ||   213
 Cast: Shroud of Golubri |     7 |    10 ||    17
       Song of Slaying   |       |     1 ||     1
  Eat: Chunk             |     1 |     5 ||     6
       Ration            |     1 |       ||     1
Armor: Leather armour    |    41 |    16 ||    57
Dodge: Dodged            |    90 |    59 ||   149
       Rpst.: Falchion   |    33 |    13 ||    46
